 Dungeon Crawl Stone Soup version 0.20.0-10-g0535bb4 (webtiles) character file.

311 joaoluisp the Chopper (level 6, 0/53 HPs)
             Began as a Minotaur Berserker on June 3, 2017.
             Was a Priest of Trog.
             Succumbed to a scorpion's poison
             ... on level 3 of the Dungeon on June 5, 2017.
             The game lasted 00:08:51 (2236 turns).

joaoluisp the Chopper (Minotaur Berserker)          Turns: 2236, Time: 00:08:51

Health: 0/53       AC:  2    Str: 27    XL:     6   Next: 18%
Magic:  5/5        EV: 13    Int:  4    God:    Trog [***...]
Gold:   124        SH:  0    Dex: 11    Spells: 5/5 levels left

rFire    . . .     SeeInvis .   a - +0 hand axe
rCold    . . .     Gourm    .   (no shield)
rNeg     . . .     Faith    .   b - +0 animal skin
rPois    .         Spirit   .   (helmet restricted)
rElec    .         Reflect  .   (no cloak)
rCorr    .         Harm     .   (no gloves)
MR       .....                  (no boots)
Stlth    ++........             (no amulet)
Regen    0.2/turn               (no ring)
MPRegen  0.1/turn               (no ring)

@: mighty, lethally poisoned (0 -> -11), very slightly contaminated, invisible
A: retaliatory headbutt, horns 2
a: Berserk, Trog's Hand, Burn Spellbooks, Renounce Religion


You were on level 3 of the Dungeon.
You worshipped Trog.
Trog was most pleased with you.
You were not hungry.

You visited 1 branch of the dungeon, and saw 3 of its levels.

You collected 124 gold pieces.

Inventory:

Hand Weapons
 a - a +0 hand axe (weapon)
Missiles
 u - 3 poisoned javelins (quivered)
Armour
 b - a +0 animal skin (worn)
 m - a +0 pair of boots
 q - a +2 robe of magic resistance
Jewellery
 k - an uncursed ring of ice
Scrolls
 d - 3 scrolls of remove curse {unknown}
 e - 3 scrolls of identify
 g - a scroll of random uselessness {unknown}
 h - a scroll of recharging {unknown}
 r - 2 scrolls of fog
 s - a scroll of magic mapping
 t - a scroll of fear
Potions
 f - a potion of invisibility
 l - 2 potions of ambrosia {unknown}
 o - a potion of mutation {unknown}
Comestibles
 c - 4 bread rations
 i - 4 fruits
 p - a meat ration
 v - a chunk of flesh


   Skills:
 + Level 4.7 Fighting
 + Level 6.3 Axes
 + Level 3.2 Armour
 + Level 3.4 Dodging
 + Level 1.5 Stealth


You had 5 spell levels left.
You didn't know any spells.

Dungeon Overview and Level Annotations

Branches:
Dungeon (3/15)

Altars:
Sif Muna


Innate Abilities, Weirdness & Mutations

You reflexively headbutt those who attack you in melee.
You have a pair of horns on your head.


Message History

It was a potion of invisibility.
You fade into invisibility!
* * * LOW HITPOINT WARNING * * *
You feel sick.
You are very lightly contaminated with residual magic.
* * * LOW HITPOINT WARNING * * *
You feel sick.
You see here a scorpion corpse.
It was a potion of might.
You feel very mighty all of a sudden.
* * * LOW HITPOINT WARNING * * *
You feel sick.
There is a lethal amount of poison in your body!
You are too injured to fight recklessly!
You are too injured to fight recklessly!
You are too injured to fight recklessly!
You are too injured to fight recklessly!
You are too injured to fight recklessly!
You are too injured to fight recklessly!
You die...

... ... #.# ####
#.# #.. #.# #.#
#.# ######.## #.#
#........ #@#
#.##..### #.#
#.##..# #
#.########.##..###
#.................
##########.##.)###
#.##.....
#......#.
#####..#. #..#.


There were no monsters in sight!

Vanquished Creatures
  Sigmund (D:2)
  A scorpion (D:3)
  Robin (D:2)
  An adder (D:2)
  An ooze (D:1)
  A worm (D:3)
  A dart slug (D:1)
  A leopard gecko (D:1)
  An orc (D:3)
  3 giant cockroaches (D:1)
  20 goblins
  11 hobgoblins
  2 jackals (D:1)
  A bat (D:1)
  9 frilled lizards
  6 kobolds
  7 rats
68 creatures vanquished.

Notes
Turn   | Place    | Note
-------+----------+-------------------------------------------
     0 | D:1      | joaoluisp the Minotaur Berserker began the quest for the Orb.
     0 | D:1      | Reached XP level 1. HP: 19/19 MP: 0/0
    97 | D:1      | Reached XP level 2. HP: 8/27 MP: 1/1
   115 | D:1      | Reached skill level 4 in Axes
   566 | D:1      | Reached XP level 3. HP: 30/33 MP: 2/2
   749 | D:1      | Reached ** piety under Trog
   941 | D:2      | Noticed Robin
   955 | D:2      | Killed Robin
   955 | D:2      | Reached XP level 4. HP: 29/40 MP: 3/3
  1546 | D:2      | Found a deep blue altar of Sif Muna.
  1575 | D:2      | Noticed Sigmund
  1591 | D:2      | Killed Sigmund
  1591 | D:2      | Reached skill level 5 in Axes
  1591 | D:2      | Reached skill level 1 in Stealth
  1591 | D:2      | Reached XP level 5. HP: 31/47 MP: 4/4
  1596 | D:2      | Reached *** piety under Trog
  1645 | D:2      | Received a gift from Trog
  1860 | D:2      | Reached skill level 6 in Axes
  2232 | D:3      | Reached XP level 6. HP: 5/53 MP: 5/5
  2233 | D:3      | HP: 2/53 [poisoned by a scorpion]
  2236 | D:3      | Succumbed to a scorpion's poison

Skill      XL: |  1  2  3  4  5 |
---------------+----------------+-----
Axes           | 4 5 6 |  6.3
Armour         | 3 |  3.2
Fighting       | 4 |  4.7
Dodging        | 3 |  3.4
Stealth        | 1 |  1.5

Action                   |  1- 3 |  4- 6 || total
-------------------------+-------+-------++-------
Melee: Hand axe          |    76 |    66 ||   142
       Headbutt          |    14 |    10 ||    24
Invok: Berserk           |     1 |       ||     1
  Use: Scroll            |     2 |     3 ||     5
       Potion            |       |     2 ||     2
 Stab: Sleeping          |       |     2 ||     2
  Eat: Chunk             |       |     5 ||     5
Armor: Animal skin       |     9 |     6 ||    15
Dodge: Dodged            |    52 |    32 ||    84
